Boston Bruins vs Vancouver Canucks
Created - Friday, May 24, 2024 at 07:54
Goals
|
| Boston Bruins |
0 |
1 |
0 |
1 |
| Vancouver Canucks |
1 |
0 |
1 |
2 |
|
Shots
|
| Boston Bruins |
7 |
8 |
11 |
26 |
| Vancouver Canucks |
12 |
15 |
10 |
37 |
|
1st period
1. Vancouver Canucks , Mikko Rantanen 24 (Casey Mittelstadt 27) at 15:58
Penalties :
No Penalty
2nd period
2. Boston Bruins , John-Jason Peterka 14 (Luke Kunin 22, David Krejci 31) at 11:31
Penalties :
David Krejci (BOS) for Cross-checking (Minor) at 5:10, Brandon Hagel (BOS) for Goalie Interference (Minor) at 15:33
3rd period
3. Vancouver Canucks , Casey Mittelstadt 19 (Taylor Raddysh 15, Artturi Lehkonen 32) at 10:33 (PP)
Penalties :
Matt Grzelcyk (BOS) for Interference (Minor) at 9:20, Robby Fabbri (VAN) for Tripping (Minor) at 16:30
Goalie Stats
Pyotr Kochetkov (BOS), 35 saves from 37 shots - (0.946), L, 12-17-6, 58:43 minutes
Joonas Korpisalo (VAN), 25 saves from 26 shots - (0.962), W, 22-21-5, 60:00 minutes
Players Stats for Boston Bruins
Player Name G A P +/- PIM S H SB GA TA FO MP PP MP PK MP
------------------------------------------------------------------------------------
Anthony Beauvillier 0 0 0 -1 0 3 2 0 0 0 1/2 19:36 0:59 2:30
Brandon Hagel 0 0 0 -1 2 1 2 0 2 0 0/1 18:30 0:59 1:16
Cam York 0 0 0 0 0 1 2 0 0 1 0/0 20:19 1:25 2:44
Charlie McAvoy 0 0 0 0 0 0 2 0 0 0 0/0 24:06 0:31 1:57
Curtis Hall 0 0 0 0 0 0 0 0 0 0 0/0 8:30 0:00 0:00
David Krejci 0 1 1 1 2 3 2 1 0 0 12/17 17:39 1:00 0:53
Jack Studnicka 0 0 0 0 0 3 0 0 0 0 0/0 8:26 0:00 0:16
Joe Veleno 0 0 0 0 0 0 1 0 1 0 1/2 14:47 0:00 1:32
John-Jason Peterka 1 0 1 1 0 2 0 0 1 1 0/0 16:17 1:00 0:00
Luke Kunin 0 1 1 1 0 4 0 1 2 0 0/0 16:27 1:00 0:00
Matt Grzelcyk 0 0 0 0 2 0 1 1 2 2 0/0 15:19 0:03 0:30
Morgan Geekie 0 0 0 0 0 2 0 0 0 0 1/1 13:07 0:00 0:00
Otto Koivula 0 0 0 0 0 0 1 0 1 1 0/0 8:15 0:00 0:09
Pavel Zacha 0 0 0 -1 0 4 4 0 1 0 6/24 19:29 0:59 2:25
Ryan Donato 0 0 0 0 0 2 0 0 1 0 2/7 14:33 0:00 1:21
Samuel Bolduc 0 0 0 0 0 0 2 0 0 1 0/0 15:08 0:03 0:30
Samuel Girard 0 0 0 0 0 1 1 1 0 0 0/0 20:25 1:25 2:44
Tyson Barrie 0 0 0 0 0 0 1 0 0 0 0/0 23:53 0:31 1:57
Players Stats for Vancouver Canucks
Player Name G A P +/- PIM S H SB GA TA FO MP PP MP PK MP
------------------------------------------------------------------------------------
Adam Boqvist 0 0 0 -1 0 1 1 1 0 0 0/0 16:09 0:32 0:00
Aleksander Barkov 0 0 0 1 0 6 1 1 0 0 14/16 18:34 2:35 1:01
Anton Lundell 0 0 0 0 0 0 1 0 0 2 0/0 10:31 0:50 0:00
Artturi Lehkonen 0 1 1 -1 0 6 1 0 0 0 0/1 18:25 1:57 0:58
Casey Mittelstadt 1 1 2 0 0 3 0 0 0 0 0/3 15:08 2:36 0:00
Chad Ruhwedel 0 0 0 0 0 2 0 1 0 1 0/0 18:04 2:50 0:47
Clayton Keller 0 0 0 1 0 4 1 1 0 0 0/1 18:20 2:24 0:58
Jacob Bryson 0 0 0 0 0 1 0 5 0 0 0/0 17:56 2:50 0:47
Jake Bean 0 0 0 1 0 0 2 0 2 3 0/0 17:01 0:32 0:00
Jesperi Kotkaniemi 0 0 0 0 0 2 2 0 0 0 8/11 12:42 0:00 0:00
Kasperi Kapanen 0 0 0 -1 0 1 2 0 0 1 0/1 15:25 0:00 0:00
Mikko Rantanen 1 0 1 1 0 2 1 0 0 0 0/0 18:34 2:35 1:01
Miro Heiskanen 0 0 0 -1 0 2 3 0 1 0 0/0 24:55 1:49 1:12
Noah Cates 0 0 0 0 0 0 1 0 0 0 2/4 9:54 0:00 0:00
Noah Hanifin 0 0 0 1 0 3 1 2 0 3 0/0 25:55 1:49 1:12
Robby Fabbri 0 0 0 -1 2 1 4 0 1 1 6/15 15:25 0:00 0:00
Sam Lafferty 0 0 0 0 0 0 3 0 2 0 0/0 9:54 0:00 0:00
Taylor Raddysh 0 1 1 0 0 3 0 0 0 0 1/2 15:08 2:36 0:00
3 Stars
1 - Joonas Korpisalo (VAN)
2 - Casey Mittelstadt (VAN)
3 - Pyotr Kochetkov (BOS)
Power Play
Boston Bruins - 0 on 1 Attempt(s) - 0.00%
Vancouver Canucks - 1 on 3 Attempt(s) - 33.33%
Penalty Kill
Boston Bruins - 2 on 3 Attempt(s) - 66.67%
- Score 0 goal in Penalty Kill
Vancouver Canucks - 1 on 1 Attempt(s) - 100.00%
- Score 0 goal in Penalty Kill
Team Stat
Boston Bruins - Hits : 21 - Faceoff Wins : 23 - Blocked Shots : 4 - Penalty Minutes : 6
Vancouver Canucks - Hits : 24 - Faceoff Wins : 31 - Blocked Shots : 11 - Penalty Minutes : 2
Official
Referees : Dan O'Halloran and Tom Kowal
Linesman : Don Henderson and Pierre Racicot
Game Notes
No Game Note
Finance
Level 1 -- Attendance: 4693 (78.22%) -- Ticket Income $464,607
Level 2 -- Attendance: 3855 (77.10%) -- Ticket Income $227,445
Level 3 -- Attendance: 2104 (70.13%) -- Ticket Income $71,536
Level 4 -- Attendance: 3677 (73.54%) -- Ticket Income $88,248
Luxury Box -- Attendance: 785 (78.50%) -- Ticket Income $156,215
Game was played at the Rogers Arena.
Total Attendance: 15114 (75.57%)
Total Ticket Income: $1,008,051
Other Income: $352,818
Total Income: $1,360,869
Boston Bruins
5 vs 5 Forward
Center Left Wing Right Wing Time % Phy DF OF
1 Pavel Zacha Brandon Hagel Anthony Beauvillier 30 1 2 2
2 David Krejci Luke Kunin John-Jason Peterka 30 1 2 2
3 Ryan Donato Joe Veleno Morgan Geekie 25 1 2 2
4 Curtis Hall Otto Koivula Jack Studnicka 15 1 2 2
5 vs 5 Defense
Defense Defense Time % Phy DF OF
1 Charlie McAvoy Tyson Barrie 35 1 2 2
2 Samuel Girard Cam York 35 1 2 2
3 Matt Grzelcyk Samuel Bolduc 30 1 2 2
4 Charlie McAvoy Tyson Barrie 0 1 2 2
PowerPlay Forward
Center Left Wing Right Wing Time % Phy DF OF
1 Pavel Zacha Brandon Hagel Anthony Beauvillier 50 1 2 2
2 David Krejci Luke Kunin John-Jason Peterka 50 1 2 2
PowerPlay Defense
Defense Defense Time % Phy DF OF
1 Charlie McAvoy Tyson Barrie 50 1 2 2
2 Samuel Girard Cam York 50 1 2 2
Penalty Kill 4 Players Forward
Center Wing Time % Phy DF OF
1 Brandon Hagel Pavel Zacha 50 1 2 2
2 David Krejci Anthony Beauvillier 50 1 2 2
Penalty Kill 4 Players Defense
Defense Defense Time % Phy DF OF
1 Charlie McAvoy Tyson Barrie 50 1 2 2
2 Samuel Girard Cam York 50 1 2 2
Penalty Kill - 3 Players Forward
Forward Time % Phy DF OF
1 Brandon Hagel 50 1 2 2
2 Pavel Zacha 50 1 2 2
Penalty Kill - 3 Players Defense
Defense Defense Time % Phy DF OF
1 Charlie McAvoy Tyson Barrie 50 1 2 2
2 Samuel Girard Cam York 50 1 2 2
4 vs 4 Forward
Center Wing Time % Phy DF OF
1 Brandon Hagel Pavel Zacha 50 1 2 2
2 David Krejci Anthony Beauvillier 50 1 2 2
4 vs 4 Defense
Defense Defense Time % Phy DF OF
1 Charlie McAvoy Tyson Barrie 50 1 2 2
2 Samuel Girard Cam York 50 1 2 2
Last Minutes Offensive
Center Left Wing Right Wing Defense Defense
Pavel Zacha Brandon Hagel Anthony Beauvillier Charlie McAvoy Tyson Barrie
Last Minutes Defensive
Center Left Wing Right Wing Defense Defense
Pavel Zacha Brandon Hagel Anthony Beauvillier Charlie McAvoy Tyson Barrie
Goaltenders
Starting : Pyotr Kochetkov
Backup : Leevi Merilainen
Extra Forwards
Normal : Curtis Hall, Ryan Donato, Joe Veleno - PP : Curtis Hall, Ryan Donato - PK : Joe Veleno
Extra Defensemen
Normal : Matt Grzelcyk, Samuel Bolduc, Samuel Girard - PP : Matt Grzelcyk - PK : Samuel Bolduc, Samuel Girard
Penalty Shots
Brandon Hagel, Pavel Zacha, David Krejci, Anthony Beauvillier, Luke Kunin
Vancouver Canucks
5 vs 5 Forward
Center Left Wing Right Wing Time % Phy DF OF
1 Aleksander Barkov Clayton Keller Mikko Rantanen 30 1 2 2
2 Robby Fabbri Artturi Lehkonen Kasperi Kapanen 30 1 2 2
3 Jesperi Kotkaniemi Casey Mittelstadt Taylor Raddysh 25 1 2 2
4 Noah Cates Anton Lundell Sam Lafferty 15 1 2 2
5 vs 5 Defense
Defense Defense Time % Phy DF OF
1 Adam Boqvist Miro Heiskanen 30 1 2 2
2 Noah Hanifin Jake Bean 30 1 2 2
3 Chad Ruhwedel Jacob Bryson 25 1 2 2
4 Noah Hanifin Miro Heiskanen 15 1 2 2
PowerPlay Forward
Center Left Wing Right Wing Time % Phy DF OF
1 Aleksander Barkov Clayton Keller Mikko Rantanen 50 1 2 2
2 Casey Mittelstadt Artturi Lehkonen Taylor Raddysh 50 1 2 2
PowerPlay Defense
Defense Defense Time % Phy DF OF
1 Noah Hanifin Miro Heiskanen 50 1 2 2
2 Chad Ruhwedel Jacob Bryson 50 1 2 2
Penalty Kill 4 Players Forward
Center Wing Time % Phy DF OF
1 Aleksander Barkov Mikko Rantanen 50 1 2 2
2 Clayton Keller Artturi Lehkonen 50 1 2 2
Penalty Kill 4 Players Defense
Defense Defense Time % Phy DF OF
1 Noah Hanifin Miro Heiskanen 50 1 2 2
2 Chad Ruhwedel Jacob Bryson 50 1 2 2
Penalty Kill - 3 Players Forward
Forward Time % Phy DF OF
1 Aleksander Barkov 50 1 2 2
2 Mikko Rantanen 50 1 2 2
Penalty Kill - 3 Players Defense
Defense Defense Time % Phy DF OF
1 Noah Hanifin Miro Heiskanen 50 1 2 2
2 Chad Ruhwedel Adam Boqvist 50 1 2 2
4 vs 4 Forward
Center Wing Time % Phy DF OF
1 Aleksander Barkov Mikko Rantanen 50 1 2 2
2 Clayton Keller Artturi Lehkonen 50 1 2 2
4 vs 4 Defense
Defense Defense Time % Phy DF OF
1 Noah Hanifin Miro Heiskanen 50 1 2 2
2 Chad Ruhwedel Jacob Bryson 50 1 2 2
Last Minutes Offensive
Center Left Wing Right Wing Defense Defense
Aleksander Barkov Clayton Keller Mikko Rantanen Noah Hanifin Miro Heiskanen
Last Minutes Defensive
Center Left Wing Right Wing Defense Defense
Aleksander Barkov Clayton Keller Mikko Rantanen Noah Hanifin Miro Heiskanen
Goaltenders
Starting : Joonas Korpisalo
Backup : Ville Husso
Extra Forwards
Normal : Taylor Raddysh, Anton Lundell, Jesperi Kotkaniemi - PP : Taylor Raddysh, Anton Lundell - PK : Jesperi Kotkaniemi
Extra Defensemen
Normal : Miro Heiskanen, Jacob Bryson, Chad Ruhwedel - PP : Noah Hanifin - PK : Jacob Bryson, Chad Ruhwedel
Penalty Shots
Aleksander Barkov, Mikko Rantanen, Clayton Keller, Artturi Lehkonen, Casey Mittelstadt
% Time on Ice - Boston Bruins
Lines # - Real PCT - Wanted PCT - Time Play
Normal Forward
1 - 30% - 30% - 15:16
2 - 30% - 30% - 15:24
3 - 25% - 25% - 13:07
4 - 15% - 15% - 7:51
Normal Defense
1 - 37% - 35% - 19:14
2 - 34% - 35% - 17:30
3 - 28% - 30% - 14:21
4 - 1% - 0% - 0:33
PP Forward
1 - 50% - 50% - 0:59
2 - 50% - 50% - 1:00
PP Defense
1 - 26% - 50% - 0:31
2 - 74% - 50% - 1:28
PK Forward
1 - 59% - 50% - 3:04
2 - 41% - 50% - 2:07
PK Defense
1 - 47% - 50% - 2:27
2 - 53% - 50% - 2:44
PK3 Forward
1 - 0% - 50%
2 - 0% - 50%
PK3 Defense
1 - 0% - 50%
2 - 0% - 50%
44 Forward
1 - 0% - 50%
2 - 0% - 50%
44 Defense
1 - 0% - 50%
2 - 0% - 50%
Last Minute Offensive - 1:12
Last Minute Defensive - 0:00
Total
Forward - 60:00
Defense - 60:00
|
% Time on Ice - Vancouver Canucks
Lines # - Real PCT - Wanted PCT - Time Play
Normal Forward
1 - 28% - 30% - 14:58
2 - 29% - 30% - 15:30
3 - 24% - 25% - 12:28
4 - 19% - 15% - 9:54
Normal Defense
1 - 30% - 30% - 16:01
2 - 31% - 30% - 16:32
3 - 26% - 25% - 13:36
4 - 13% - 15% - 6:41
PP Forward
1 - 50% - 50% - 2:35
2 - 50% - 50% - 2:36
PP Defense
1 - 35% - 50% - 1:49
2 - 65% - 50% - 3:22
PK Forward
1 - 51% - 50% - 1:01
2 - 49% - 50% - 0:58
PK Defense
1 - 61% - 50% - 1:12
2 - 39% - 50% - 0:47
PK3 Forward
1 - 0% - 50%
2 - 0% - 50%
PK3 Defense
1 - 0% - 50%
2 - 0% - 50%
44 Forward
1 - 0% - 50%
2 - 0% - 50%
44 Defense
1 - 0% - 50%
2 - 0% - 50%
Last Minute Offensive - 0:00
Last Minute Defensive - 0:00
Total
Forward - 60:00
Defense - 60:00
|
Play-by-Play
1st period
0:01 of 1st period - Aleksander Barkov wins face-off versus Pavel Zacha in neutral zone.
0:14 of 1st period - Adam Boqvist is hit by Pavel Zacha and loses puck.
0:50 of 1st period - Snap shot by Mikko Rantanen.
0:50 of 1st period - Shot Misses the Net.
0:52 of 1st period - Slapshot by Jacob Bryson.
0:52 of 1st period - Shot Misses the Net.
1:31 of 1st period - Wrist shot by Aleksander Barkov.
1:31 of 1st period - Stopped by Pyotr Kochetkov with a rebound.
2:01 of 1st period - Morgan Geekie is hit by Mikko Rantanen and loses puck.
2:24 of 1st period - Morgan Geekie is hit by Jake Bean and loses puck.
2:42 of 1st period - Snap shot by Ryan Donato.
2:42 of 1st period - Shot Blocked by Aleksander Barkov.
3:10 of 1st period - Slapshot by Clayton Keller.
3:10 of 1st period - Stopped by Pyotr Kochetkov without a rebound.
3:11 of 1st period - Robby Fabbri wins face-off versus David Krejci in Boston Bruins zone.
3:22 of 1st period - Snap shot by Artturi Lehkonen.
3:22 of 1st period - Stopped by Pyotr Kochetkov with a rebound.
4:48 of 1st period - Luke Kunin is hit by Sam Lafferty and loses puck.
6:45 of 1st period - Brandon Hagel is hit by Adam Boqvist and loses puck.
7:16 of 1st period - Luke Kunin is hit by Kasperi Kapanen.
7:48 of 1st period - Samuel Girard is hit by Robby Fabbri.
8:48 of 1st period - Icing by Matt Grzelcyk.
8:49 of 1st period - David Krejci wins face-off versus Jesperi Kotkaniemi in Boston Bruins zone.
10:38 of 1st period - Samuel Bolduc is hit by Miro Heiskanen and loses puck.
12:14 of 1st period - Snap shot by David Krejci.
12:14 of 1st period - Stopped by Joonas Korpisalo without a rebound.
12:15 of 1st period - Aleksander Barkov wins face-off versus David Krejci in Vancouver Canucks zone.
12:28 of 1st period - Backhand shot by Mikko Rantanen.
12:28 of 1st period - Shot Misses the Net.
12:30 of 1st period - Snap shot by Aleksander Barkov.
12:30 of 1st period - Stopped by Pyotr Kochetkov with a rebound.
12:40 of 1st period - Wrist shot by Aleksander Barkov.
12:40 of 1st period - Stopped by Pyotr Kochetkov with a rebound.
12:42 of 1st period - Snap shot by Aleksander Barkov.
12:42 of 1st period - Stopped by Pyotr Kochetkov with a rebound.
12:44 of 1st period - Snap shot by Chad Ruhwedel.
12:44 of 1st period - Stopped by Pyotr Kochetkov with a rebound.
13:06 of 1st period - Backhand shot by Clayton Keller.
13:06 of 1st period - Stopped by Pyotr Kochetkov without a rebound.
13:07 of 1st period - Robby Fabbri wins face-off versus Pavel Zacha in Boston Bruins zone.
13:36 of 1st period - Wrist shot by Jesperi Kotkaniemi.
13:36 of 1st period - Shot Misses the Net.
13:38 of 1st period - Slapshot by Miro Heiskanen.
13:38 of 1st period - Shot Misses the Net.
13:40 of 1st period - Backhand shot by Noah Hanifin.
13:40 of 1st period - Stopped by Pyotr Kochetkov with a rebound.
13:42 of 1st period - Slapshot by Casey Mittelstadt.
13:42 of 1st period - Shot Misses the Net.
14:00 of 1st period - Wrist shot by Jack Studnicka.
14:00 of 1st period - Deflect By Sam Lafferty.
14:00 of 1st period - Stopped by Joonas Korpisalo without a rebound.
14:01 of 1st period - Pavel Zacha wins face-off versus Robby Fabbri in Vancouver Canucks zone.
14:02 of 1st period - Snap shot by Anthony Beauvillier.
14:02 of 1st period - Stopped by Joonas Korpisalo without a rebound.
14:03 of 1st period - Robby Fabbri wins face-off versus Pavel Zacha in Vancouver Canucks zone.
14:10 of 1st period - Anthony Beauvillier is hit by Artturi Lehkonen and loses puck.
14:39 of 1st period - Snap shot by Luke Kunin.
14:39 of 1st period - Stopped by Joonas Korpisalo with a rebound.
14:41 of 1st period - Slapshot by Cam York.
14:41 of 1st period - Deflect By Jesperi Kotkaniemi.
14:41 of 1st period - Stopped by Joonas Korpisalo with a rebound.
15:10 of 1st period - Jack Studnicka is hit by Sam Lafferty and loses puck.
15:58 of 1st period - Wrist shot by Mikko Rantanen.
15:58 of 1st period - Deflect By Anthony Beauvillier.
15:58 of 1st period - Goal by Mikko Rantanen - Boston Bruins : 0 - Vancouver Canucks : 1.
15:59 of 1st period - David Krejci wins face-off versus Robby Fabbri in neutral zone.
16:02 of 1st period - Miro Heiskanen is hit by David Krejci and loses puck.
16:11 of 1st period - Backhand shot by Kasperi Kapanen.
16:11 of 1st period - Stopped by Pyotr Kochetkov without a rebound.
16:12 of 1st period - David Krejci wins face-off versus Kasperi Kapanen in Boston Bruins zone.
16:37 of 1st period - Anthony Beauvillier is hit by Jesperi Kotkaniemi and loses puck.
16:57 of 1st period - Off-side.
16:58 of 1st period - Aleksander Barkov wins face-off versus Ryan Donato in neutral zone.
17:01 of 1st period - Snap shot by Aleksander Barkov.
17:01 of 1st period - Stopped by Pyotr Kochetkov with a rebound.
17:13 of 1st period - Snap shot by Mikko Rantanen.
17:13 of 1st period - Shot Blocked by Samuel Girard.
17:15 of 1st period - Snap shot by Clayton Keller.
17:15 of 1st period - Shot Misses the Net.
17:32 of 1st period - Snap shot by Robby Fabbri.
17:32 of 1st period - Shot Misses the Net.
17:34 of 1st period - Slapshot by Chad Ruhwedel.
17:34 of 1st period - Shot Blocked by Luke Kunin.
17:50 of 1st period - Pavel Zacha is hit by Jesperi Kotkaniemi and loses puck.
18:47 of 1st period - Snap shot by Luke Kunin.
18:47 of 1st period - Stopped by Joonas Korpisalo without a rebound.
18:48 of 1st period - David Krejci wins face-off versus Robby Fabbri in Vancouver Canucks zone.
18:49 of 1st period - Wrist shot by John-Jason Peterka.
18:49 of 1st period - Deflect By David Krejci.
18:49 of 1st period - Stopped by Joonas Korpisalo without a rebound.
18:50 of 1st period - Robby Fabbri wins face-off versus David Krejci in Vancouver Canucks zone.
18:50 of 1st period - Robby Fabbri is hit by David Krejci.
Goals for this period are 0 for Boston Bruins vs 1 for Vancouver Canucks.
Shots for this period are 7 for Boston Bruins vs 12 for Vancouver Canucks.
2nd period
0:01 of 2nd period - David Krejci wins face-off versus Robby Fabbri in neutral zone.
0:53 of 2nd period - Off-side.
0:54 of 2nd period - Aleksander Barkov wins face-off versus Ryan Donato in neutral zone.
1:05 of 2nd period - Snap shot by Clayton Keller.
1:05 of 2nd period - Stopped by Pyotr Kochetkov without a rebound.
1:06 of 2nd period - David Krejci wins face-off versus Robby Fabbri in Boston Bruins zone.
1:52 of 2nd period - Wrist shot by Ryan Donato.
1:52 of 2nd period - Stopped by Joonas Korpisalo with a rebound.
2:56 of 2nd period - Slapshot by Miro Heiskanen.
2:56 of 2nd period - Deflect By Brandon Hagel.
2:56 of 2nd period - Stopped by Pyotr Kochetkov with a rebound.
2:58 of 2nd period - Slapshot by Taylor Raddysh.
2:58 of 2nd period - Stopped by Pyotr Kochetkov without a rebound.
2:59 of 2nd period - Jesperi Kotkaniemi wins face-off versus Pavel Zacha in Boston Bruins zone.
3:20 of 2nd period - Slapshot by Casey Mittelstadt.
3:20 of 2nd period - Deflect By Taylor Raddysh.
3:20 of 2nd period - Shot Misses the Net.
3:20 of 2nd period - Puck is out of play.
3:21 of 2nd period - David Krejci wins face-off versus Artturi Lehkonen in Boston Bruins zone.
3:26 of 2nd period - Snap shot by Robby Fabbri.
3:26 of 2nd period - Shot Misses the Net.
3:28 of 2nd period - Snap shot by Kasperi Kapanen.
3:28 of 2nd period - Shot Blocked by David Krejci.
3:30 of 2nd period - Slapshot by Chad Ruhwedel.
3:30 of 2nd period - Stopped by Pyotr Kochetkov with a rebound.
3:34 of 2nd period - Snap shot by Artturi Lehkonen.
3:34 of 2nd period - Stopped by Pyotr Kochetkov without a rebound.
3:35 of 2nd period - Jesperi Kotkaniemi wins face-off versus Pavel Zacha in Boston Bruins zone.
4:01 of 2nd period - Jake Bean is hit by Samuel Bolduc and loses puck.
4:22 of 2nd period - Slapshot by Samuel Girard.
4:22 of 2nd period - Shot Misses the Net.
4:24 of 2nd period - Wrist shot by Curtis Hall.
4:24 of 2nd period - Shot Misses the Net.
4:26 of 2nd period - Wrist shot by Curtis Hall.
4:26 of 2nd period - Shot Blocked by Jacob Bryson.
4:30 of 2nd period - Snap shot by Tyson Barrie.
4:30 of 2nd period - Shot Blocked by Jacob Bryson.
4:32 of 2nd period - Snap shot by Jack Studnicka.
4:32 of 2nd period - Stopped by Joonas Korpisalo with a rebound.
4:42 of 2nd period - Slapshot by Ryan Donato.
4:42 of 2nd period - Deflect By Morgan Geekie.
4:42 of 2nd period - Shot Misses the Net.
4:42 of 2nd period - Puck is out of play.
4:43 of 2nd period - Noah Cates wins face-off versus Ryan Donato in Vancouver Canucks zone.
4:48 of 2nd period - Snap shot by Morgan Geekie.
4:48 of 2nd period - Stopped by Joonas Korpisalo without a rebound.
4:49 of 2nd period - David Krejci wins face-off versus Robby Fabbri in Vancouver Canucks zone.
5:10 of 2nd period - Minor Penalty to David Krejci for Cross-checking.
5:11 of 2nd period - Aleksander Barkov wins face-off versus Brandon Hagel in Boston Bruins zone.
5:24 of 2nd period - Snap shot by Mikko Rantanen.
5:24 of 2nd period - Stopped by Pyotr Kochetkov without a rebound.
5:25 of 2nd period - Joe Veleno wins face-off versus Casey Mittelstadt in Boston Bruins zone.
5:38 of 2nd period - Wrist shot by Artturi Lehkonen.
5:38 of 2nd period - Stopped by Pyotr Kochetkov with a rebound.
5:54 of 2nd period - Clayton Keller is hit by Charlie McAvoy and loses puck.
7:10 of 2nd period - Penalty to David Krejci is over, David Krejci is back on ice.
7:26 of 2nd period - Wrist shot by Otto Koivula.
7:26 of 2nd period - Shot Misses the Net.
7:28 of 2nd period - Wrist shot by Matt Grzelcyk.
7:28 of 2nd period - Shot Misses the Net.
7:30 of 2nd period - Slapshot by Matt Grzelcyk.
7:30 of 2nd period - Shot Blocked by Jacob Bryson.
8:43 of 2nd period - Icing by David Krejci.
8:44 of 2nd period - Pavel Zacha wins face-off versus Noah Cates in Boston Bruins zone.
9:16 of 2nd period - Off-side.
9:17 of 2nd period - Ryan Donato wins face-off versus Robby Fabbri in neutral zone.
9:33 of 2nd period - Off-side.
9:34 of 2nd period - Jesperi Kotkaniemi wins face-off versus Pavel Zacha in neutral zone.
9:39 of 2nd period - Snap shot by Jesperi Kotkaniemi.
9:39 of 2nd period - Stopped by Pyotr Kochetkov with a rebound.
9:41 of 2nd period - Snap shot by Casey Mittelstadt.
9:41 of 2nd period - Stopped by Pyotr Kochetkov with a rebound.
9:43 of 2nd period - Snap shot by Jesperi Kotkaniemi.
9:43 of 2nd period - Deflect By Taylor Raddysh.
9:43 of 2nd period - Stopped by Pyotr Kochetkov with a rebound.
9:45 of 2nd period - Slapshot by Miro Heiskanen.
9:45 of 2nd period - Shot Misses the Net.
9:47 of 2nd period - Slapshot by Noah Hanifin.
9:47 of 2nd period - Stopped by Pyotr Kochetkov with a rebound.
9:49 of 2nd period - Slapshot by Miro Heiskanen.
9:49 of 2nd period - Shot Misses the Net.
9:59 of 2nd period - Kasperi Kapanen is hit by Tyson Barrie and loses puck.
10:46 of 2nd period - Slapshot by Noah Cates.
10:46 of 2nd period - Shot Misses the Net.
11:07 of 2nd period - Snap shot by Casey Mittelstadt.
11:07 of 2nd period - Stopped by Pyotr Kochetkov with a rebound.
11:19 of 2nd period - Wrist shot by Luke Kunin.
11:19 of 2nd period - Shot Blocked by Noah Hanifin.
11:21 of 2nd period - Slapshot by Luke Kunin.
11:21 of 2nd period - Shot Misses the Net.
11:23 of 2nd period - Wrist shot by David Krejci.
11:23 of 2nd period - Stopped by Joonas Korpisalo without a rebound.
11:24 of 2nd period - David Krejci wins face-off versus Robby Fabbri in Vancouver Canucks zone.
11:27 of 2nd period - Wrist shot by Luke Kunin.
11:27 of 2nd period - Stopped by Joonas Korpisalo with a rebound.
11:29 of 2nd period - Snap shot by John-Jason Peterka.
11:29 of 2nd period - Stopped by Joonas Korpisalo with a rebound.
11:31 of 2nd period - Wrist shot by John-Jason Peterka.
11:31 of 2nd period - Goal by John-Jason Peterka - Boston Bruins : 1 - Vancouver Canucks : 1.
11:32 of 2nd period - Aleksander Barkov wins face-off versus Pavel Zacha in neutral zone.
11:45 of 2nd period - Miro Heiskanen is hit by Anthony Beauvillier and loses puck.
12:20 of 2nd period - Charlie McAvoy is hit by Kasperi Kapanen and loses puck.
13:09 of 2nd period - Slapshot by Miro Heiskanen.
13:09 of 2nd period - Deflect By Artturi Lehkonen.
13:09 of 2nd period - Stopped by Pyotr Kochetkov with a rebound.
13:25 of 2nd period - Luke Kunin is hit by Robby Fabbri and loses puck.
14:32 of 2nd period - Wrist shot by David Krejci.
14:32 of 2nd period - Deflect By Luke Kunin.
14:32 of 2nd period - Stopped by Joonas Korpisalo without a rebound.
14:33 of 2nd period - Jesperi Kotkaniemi wins face-off versus Pavel Zacha in Vancouver Canucks zone.
15:30 of 2nd period - Off-side.
15:31 of 2nd period - Pavel Zacha wins face-off versus Taylor Raddysh in neutral zone.
15:33 of 2nd period - Minor Penalty to Brandon Hagel for Goalie Interference.
15:34 of 2nd period - Aleksander Barkov wins face-off versus Joe Veleno in Boston Bruins zone.
15:48 of 2nd period - Wrist shot by Aleksander Barkov.
15:48 of 2nd period - Stopped by Pyotr Kochetkov with a rebound.
15:50 of 2nd period - Slapshot by Jacob Bryson.
15:50 of 2nd period - Stopped by Pyotr Kochetkov with a rebound.
16:48 of 2nd period - Anthony Beauvillier is hit by Clayton Keller and loses puck.
17:33 of 2nd period - Penalty to Brandon Hagel is over, Brandon Hagel is back on ice.
17:53 of 2nd period - Matt Grzelcyk is hit by Miro Heiskanen.
18:03 of 2nd period - Noah Cates is hit by Matt Grzelcyk and loses puck.
18:49 of 2nd period - Jacob Bryson is hit by Otto Koivula and loses puck.
19:07 of 2nd period - Icing by Jesperi Kotkaniemi.
19:08 of 2nd period - Jesperi Kotkaniemi wins face-off versus David Krejci in Vancouver Canucks zone.
19:33 of 2nd period - Joe Veleno is hit by Noah Cates and loses puck.
19:52 of 2nd period - Casey Mittelstadt is hit by Pavel Zacha and loses puck.
Goals for this period are 1 for Boston Bruins vs 0 for Vancouver Canucks.
Shots for this period are 8 for Boston Bruins vs 15 for Vancouver Canucks.
3rd period
0:01 of 3rd period - Aleksander Barkov wins face-off versus Pavel Zacha in neutral zone.
0:04 of 3rd period - Snap shot by Aleksander Barkov.
0:04 of 3rd period - Deflect By Clayton Keller.
0:04 of 3rd period - Stopped by Pyotr Kochetkov with a rebound.
0:26 of 3rd period - Pavel Zacha is hit by Jake Bean and loses puck.
0:39 of 3rd period - Snap shot by Artturi Lehkonen.
0:39 of 3rd period - Stopped by Pyotr Kochetkov with a rebound.
0:55 of 3rd period - Snap shot by Ryan Donato.
0:55 of 3rd period - Shot Blocked by Adam Boqvist.
1:11 of 3rd period - Slapshot by Cam York.
1:11 of 3rd period - Shot Blocked by Jacob Bryson.
1:13 of 3rd period - Wrist shot by Samuel Girard.
1:13 of 3rd period - Shot Misses the Net.
1:15 of 3rd period - Wrist shot by David Krejci.
1:15 of 3rd period - Shot Misses the Net.
1:17 of 3rd period - Wrist shot by Luke Kunin.
1:17 of 3rd period - Deflect By John-Jason Peterka.
1:17 of 3rd period - Shot Blocked by Chad Ruhwedel.
1:17 of 3rd period - Puck is out of play.
1:18 of 3rd period - Aleksander Barkov wins face-off versus Ryan Donato in Vancouver Canucks zone.
1:18 of 3rd period - Aleksander Barkov is hit by Samuel Bolduc.
1:24 of 3rd period - Slapshot by Aleksander Barkov.
1:24 of 3rd period - Shot Blocked by Matt Grzelcyk.
2:15 of 3rd period - Tyson Barrie is hit by Robby Fabbri and loses puck.
2:27 of 3rd period - Icing by David Krejci.
2:28 of 3rd period - Anthony Beauvillier wins face-off versus Noah Cates in Boston Bruins zone.
2:28 of 3rd period - Anthony Beauvillier is hit by Sam Lafferty.
2:33 of 3rd period - Tyson Barrie is hit by Anton Lundell and loses puck.
2:53 of 3rd period - Joe Veleno is hit by Aleksander Barkov and loses puck.
3:02 of 3rd period - Wrist shot by Ryan Donato.
3:02 of 3rd period - Stopped by Joonas Korpisalo with a rebound.
3:38 of 3rd period - Snap shot by Artturi Lehkonen.
3:38 of 3rd period - Stopped by Pyotr Kochetkov without a rebound.
3:39 of 3rd period - Robby Fabbri wins face-off versus Pavel Zacha in Boston Bruins zone.
5:08 of 3rd period - Snap shot by Pavel Zacha.
5:08 of 3rd period - Stopped by Joonas Korpisalo without a rebound.
5:09 of 3rd period - Pavel Zacha wins face-off versus Robby Fabbri in Vancouver Canucks zone.
5:14 of 3rd period - Snap shot by Pavel Zacha.
5:14 of 3rd period - Stopped by Joonas Korpisalo without a rebound.
5:15 of 3rd period - Pavel Zacha wins face-off versus Aleksander Barkov in Vancouver Canucks zone.
5:16 of 3rd period - Wrist shot by Brandon Hagel.
5:16 of 3rd period - Shot Blocked by Noah Hanifin.
5:22 of 3rd period - Clayton Keller is hit by Brandon Hagel and loses puck.
5:40 of 3rd period - Jesperi Kotkaniemi is hit by Joe Veleno and loses puck.
6:07 of 3rd period - Snap shot by Jack Studnicka.
6:07 of 3rd period - Stopped by Joonas Korpisalo without a rebound.
6:08 of 3rd period - Aleksander Barkov wins face-off versus Pavel Zacha in Vancouver Canucks zone.
6:15 of 3rd period - Mikko Rantanen is hit by Charlie McAvoy and loses puck.
6:34 of 3rd period - Morgan Geekie is hit by Miro Heiskanen.
6:56 of 3rd period - Robby Fabbri is hit by Cam York and loses puck.
7:36 of 3rd period - Off-side.
7:37 of 3rd period - Aleksander Barkov wins face-off versus Pavel Zacha in neutral zone.
8:00 of 3rd period - Clayton Keller is hit by Brandon Hagel and loses puck.
8:19 of 3rd period - Wrist shot by Brandon Hagel.
8:19 of 3rd period - Deflect By Pavel Zacha.
8:19 of 3rd period - Shot Blocked by Clayton Keller.
8:19 of 3rd period - Puck is out of play.
8:20 of 3rd period - Morgan Geekie wins face-off versus Jesperi Kotkaniemi in Vancouver Canucks zone.
8:33 of 3rd period - Slapshot by Miro Heiskanen.
8:33 of 3rd period - Stopped by Pyotr Kochetkov with a rebound.
8:45 of 3rd period - David Krejci is hit by Robby Fabbri and loses puck.
8:54 of 3rd period - Snap shot by Robby Fabbri.
8:54 of 3rd period - Stopped by Pyotr Kochetkov with a rebound.
8:56 of 3rd period - Slapshot by Chad Ruhwedel.
8:56 of 3rd period - Deflect By Artturi Lehkonen.
8:56 of 3rd period - Shot Misses the Net.
8:56 of 3rd period - Puck is out of play.
8:57 of 3rd period - Ryan Donato wins face-off versus Aleksander Barkov in Boston Bruins zone.
9:20 of 3rd period - Minor Penalty to Matt Grzelcyk for Interference.
9:21 of 3rd period - Taylor Raddysh wins face-off versus David Krejci in Boston Bruins zone.
10:07 of 3rd period - Off-side.
10:08 of 3rd period - David Krejci wins face-off versus Casey Mittelstadt in neutral zone.
10:11 of 3rd period - Snap shot by Cam York.
10:11 of 3rd period - Deflect By Anthony Beauvillier.
10:11 of 3rd period - Shot Misses the Net.
10:11 of 3rd period - Puck is out of play.
10:12 of 3rd period - David Krejci wins face-off versus Casey Mittelstadt in Vancouver Canucks zone.
10:33 of 3rd period - Wrist shot by Taylor Raddysh.
10:33 of 3rd period - Deflect By Casey Mittelstadt.
10:33 of 3rd period - Deflect By Samuel Girard.
10:33 of 3rd period - Goal by Casey Mittelstadt - Boston Bruins : 1 - Vancouver Canucks : 2.
10:34 of 3rd period - Aleksander Barkov wins face-off versus Pavel Zacha in neutral zone.
10:42 of 3rd period - Samuel Girard is hit by Noah Hanifin.
10:44 of 3rd period - Slapshot by Brandon Hagel.
10:44 of 3rd period - Stopped by Joonas Korpisalo without a rebound.
10:45 of 3rd period - Jesperi Kotkaniemi wins face-off versus Pavel Zacha in Vancouver Canucks zone.
11:12 of 3rd period - Aleksander Barkov is hit by Cam York.
11:23 of 3rd period - Icing by Cam York.
11:24 of 3rd period - Jesperi Kotkaniemi wins face-off versus Ryan Donato in Boston Bruins zone.
11:35 of 3rd period - Wrist shot by Taylor Raddysh.
11:35 of 3rd period - Stopped by Pyotr Kochetkov with a rebound.
11:37 of 3rd period - Slapshot by Adam Boqvist.
11:37 of 3rd period - Stopped by Pyotr Kochetkov without a rebound.
11:38 of 3rd period - Aleksander Barkov wins face-off versus Pavel Zacha in Boston Bruins zone.
13:05 of 3rd period - Wrist shot by Anthony Beauvillier.
13:05 of 3rd period - Stopped by Joonas Korpisalo with a rebound.
13:07 of 3rd period - Snap shot by Brandon Hagel.
13:07 of 3rd period - Deflect By Pavel Zacha.
13:07 of 3rd period - Stopped by Joonas Korpisalo with a rebound.
13:47 of 3rd period - Icing by Jake Bean.
13:48 of 3rd period - Robby Fabbri wins face-off versus Pavel Zacha in Vancouver Canucks zone.
13:48 of 3rd period - Robby Fabbri is hit by Pavel Zacha.
13:56 of 3rd period - Snap shot by Pavel Zacha.
13:56 of 3rd period - Shot Misses the Net.
13:58 of 3rd period - Snap shot by Anthony Beauvillier.
13:58 of 3rd period - Stopped by Joonas Korpisalo without a rebound.
13:59 of 3rd period - Pavel Zacha wins face-off versus Jesperi Kotkaniemi in Vancouver Canucks zone.
14:00 of 3rd period - Backhand shot by Brandon Hagel.
14:00 of 3rd period - Shot Misses the Net.
14:02 of 3rd period - Snap shot by Anthony Beauvillier.
14:02 of 3rd period - Shot Misses the Net.
14:04 of 3rd period - Wrist shot by Pavel Zacha.
14:04 of 3rd period - Stopped by Joonas Korpisalo without a rebound.
14:05 of 3rd period - Jesperi Kotkaniemi wins face-off versus Pavel Zacha in Vancouver Canucks zone.
14:05 of 3rd period - Jesperi Kotkaniemi is hit by Anthony Beauvillier.
15:34 of 3rd period - Snap shot by Brandon Hagel.
15:34 of 3rd period - Shot Blocked by Jacob Bryson.
15:42 of 3rd period - Snap shot by Jesperi Kotkaniemi.
15:42 of 3rd period - Stopped by Pyotr Kochetkov with a rebound.
16:30 of 3rd period - Minor Penalty to Robby Fabbri for Tripping.
16:31 of 3rd period - Aleksander Barkov wins face-off versus Anthony Beauvillier in Vancouver Canucks zone.
16:31 of 3rd period - Aleksander Barkov is hit by Samuel Girard.
17:02 of 3rd period - Snap shot by David Krejci.
17:02 of 3rd period - Shot Misses the Net.
17:04 of 3rd period - Wrist shot by John-Jason Peterka.
17:04 of 3rd period - Shot Misses the Net.
17:06 of 3rd period - Slapshot by Samuel Girard.
17:06 of 3rd period - Stopped by Joonas Korpisalo without a rebound.
17:07 of 3rd period - David Krejci wins face-off versus Clayton Keller in Vancouver Canucks zone.
17:28 of 3rd period - Wrist shot by Aleksander Barkov.
17:28 of 3rd period - Shot Misses the Net.
17:30 of 3rd period - Backhand shot by Noah Hanifin.
17:30 of 3rd period - Stopped by Pyotr Kochetkov with a rebound.
17:40 of 3rd period - Clayton Keller is hit by Pavel Zacha and loses puck.
18:30 of 3rd period - Penalty to Robby Fabbri is over, Robby Fabbri is back on ice.
18:43 of 3rd period - Boston Bruins, Pyotr Kochetkov is pulled from the net.
18:47 of 3rd period - Snap shot by Morgan Geekie.
18:47 of 3rd period - Stopped by Joonas Korpisalo without a rebound.
18:48 of 3rd period - Ben Simon call a timeout for Boston Bruins.
18:48 of 3rd period - Noah Cates wins face-off versus Pavel Zacha in Vancouver Canucks zone.
19:46 of 3rd period - Snap shot by Brandon Hagel.
19:46 of 3rd period - Shot Misses the Net.
Goals for this period are 0 for Boston Bruins vs 1 for Vancouver Canucks.
Shots for this period are 11 for Boston Bruins vs 10 for Vancouver Canucks.
Back to the Top